 Dungeon Crawl Stone Soup version 0.27.0-1-g7a089689b8 (webtiles) character file.

Game seed: 5737786862663312147

17 SnakkuSnakku7 the Sneak (level 2, 0/16 HPs)
             Began as a Gargoyle Enchanter on Aug 15, 2021.
             Slain by a giant cockroach (2 damage)
             ... on level 2 of the Dungeon.
             The game lasted 00:02:14 (1054 turns).

SnakkuSnakku7 the Sneak (Gargoyle Enchanter)        Turns: 1054, Time: 00:02:15

Health: 0/16       AC:  4    Str: 11    XL:     2   Next: 62%
Magic:  5/5        EV: 11    Int: 15    God:
Gold:   18         SH:  0    Dex: 10    Spells: 4/5 levels left

rFire    . . .     SeeInvis .   c - +0 hand axe
rCold    . . .     Faith    .   (no shield)
rNeg     + . .     Spirit   .   b - +0 robe
rPois    ∞         Reflect  .   (no helmet)
rElec    +         Harm     .   (no cloak)
rCorr    .         Rampage  .   (no gloves)
Will     .....                  (no boots)
Stlth    ++........             (no amulet)
HPRegen  0.05/turn              (no ring)
MPRegen  0.09/turn              (no ring)

@: no status effects
A: sickness immunity, AC +2, negative energy resistance 1, electricity
resistance, torment resistance 1, petrification resistance
a: no special abilities


You were on level 2 of the Dungeon.
You visited 1 branch of the dungeon, and saw 2 of its levels.

You collected 44 gold pieces.
You spent 26 gold pieces at shops.

Inventory:

Hand Weapons
 a - a +1 dagger
 c - a +0 hand axe (weapon)
Missiles
 e - 12 poisoned darts
Armour
 b - a +0 robe (worn)
Jewellery
 g - a ring of see invisible
Scrolls
 f - a scroll of identify {unknown}
Potions
 d - a potion of curing {unknown}


   Skills:
 - Level 0.5 Fighting
 - Level 0.8 Short Blades
 + Level 1.2 Axes
 + Level 1.0 Throwing
 - Level 1.5 Dodging
 - Level 3.2 Stealth
 - Level 2.0 Spellcasting
 - Level 2.6 Hexes


You had 4 spell levels left.
You knew the following spells:

 Your Spells              Type           Power      Damage    Failure   Level
a - Corona                Hex            10%        N/A       8%          1

Your spell library contained the following spells:

 Spells                   Type           Power      Damage    Failure   Level
 Ensorcelled Hibernation  Hex/Ice        10%        N/A       19%         2
 Confusing Touch          Hex            9%         N/A       22%         3
 Tukima's Dance           Hex            9%         N/A       22%         3
 Dazzling Flash           Conj/Hex       10%        N/A       36%         3


Dungeon Overview and Level Annotations

Branches:
Dungeon (2/15)

Altars:

Shops:
D:1 ([(*!


Innate Abilities, Weirdness & Mutations

You are immune to sickness and miasma.
Your stone body is resilient. (AC +2)
You are immune to poison.
You resist negative energy. (rN+)
You are resistant to electric shocks. (rElec)
You are resistant to unholy torment.
You are immune to petrification.


Message History

The giant cockroach bites you but does no damage.
You are too injured to fight recklessly!
You are too injured to fight recklessly!
You are too injured to fight recklessly!
You closely miss the giant cockroach.
The giant cockroach is heavily wounded.
You hit the dart slug but do no damage.
The dart slug bites you but does no damage.
The giant cockroach bites you.
You barely miss the giant cockroach.
The giant cockroach is heavily wounded.
You hit the dart slug.
The giant cockroach bites you but does no damage.
The dart slug launches a dart at you. The slug dart hits you.
* * * LOW HITPOINT WARNING * * *
The giant cockroach bites you but does no damage.
The giant cockroach barely misses you.
You hit the dart slug.
You kill the dart slug!
You hit the giant cockroach but do no damage.
The giant cockroach closely misses you.
Your Throwing skill increases to level 1!
Unknown command.
You closely miss the giant cockroach.
The giant cockroach is heavily wounded.
The giant cockroach bites you.
* * * LOW HITPOINT WARNING * * *
The giant cockroach misses you.
Unknown command.
You closely miss the giant cockroach.
The giant cockroach is heavily wounded.
The giant cockroach closely misses you.
Unknown command.
Okay, then.
You hit the giant cockroach.
The giant cockroach is almost dead.
The giant cockroach bites you but does no damage.
The giant cockroach bites you.
You die...

#.#.........#
########.#.#####.#.#
.................#
#!###...........####
...............+
###...$.......#
#...........#
#...........#
#..B@.....(.#
#..†...<....#
#...........#
#...........#
############


You could see a giant cockroach.

Vanquished Creatures
  A dart slug (D:2)
  A ball python (D:1)
  3 endoplasms (D:1)
  3 goblins (D:1)
  4 kobolds (D:1)
  A frilled lizard (D:1)
  A rat (D:1)
14 creatures vanquished.

Notes
Turn   | Place    | Note
-------+----------+-------------------------------------------
     0 | D:1      | SnakkuSnakku7 the Gargoyle Enchanter began the quest for
                  | the Orb.
     0 | D:1      | Reached XP level 1. HP: 10/10 MP: 3/3
   299 | D:1      | Found Boevut's Armour Shoppe.
   660 | D:1      | Reached XP level 2. HP: 16/16 MP: 5/5
   662 | D:1      | Found Viebreulu's Weapon Shop.
   665 | D:1      | Reached skill level 1 in Axes
   845 | D:1      | Found Muxzol's General Store.
   849 | D:1      | Bought a scroll of noise for 13 gold pieces
   905 | D:1      | Found Ocley's Distillery.
   913 | D:1      | Bought a potion of degeneration for 13 gold pieces
   944 | D:1      | Found Museli's Antique Weapon Shoppe.
  1052 | D:2      | Reached skill level 1 in Throwing
  1054 | D:2      | Slain by a giant cockroach

Illustrated notes

Levels and vault maps discovered:
D:1:      sevenhm_arrival_forest_fort_small_3, layout_basic, serial_shops,
          nicolae_shop_crystal, shop_fountains, shop, shop, shop_statue
D:2:      layout_basic, basic_altar, serial_shops, nicolae_diamond_shop, shop

Skill      XL: |  1  2 |
---------------+-------+-----
Axes           | 1 |  1.2
Throwing       | 1 |  1.0
Fighting       | |  0.5
Short Blades   | |  0.8
Dodging        | |  1.5
Stealth        | |  3.2
Spellcasting   | |  2.0
Hexes          | |  2.6

Action                   || total
-------------------------++-------
Melee: Hand axe          ||    38
 Stab: Sleeping          ||     2
Armor: Robe              ||    13
Dodge: Dodged            ||    19
